 Dungeon Crawl Stone Soup version 0.21-a0-531-gacddea6 (webtiles) character file.

154 slep the Chopper (level 5, 0/27 HPs)
             Began as a Vine Stalker Gladiator on Dec 13, 2017.
             Slain by a flying skull (11 damage)
             ... created by the anger of Yredelemnul
             ... on level 3 of the Dungeon.
             The game lasted 00:07:22 (1500 turns).

slep the Chopper (Vine Stalker Gladiator)           Turns: 1500, Time: 00:07:23

Health: 0/27       AC:  7    Str: 16    XL:     5   Next: 36%
Magic:  0/6        EV: 12    Int:  8    God:
Gold:   58         SH:  0    Dex: 17    Spells: 4/4 levels left

rFire    . . .     SeeInvis .   a - +0 war axe
rCold    . . .     Gourm    .   (no shield)
rNeg     . . .     Faith    .   r - +0 ring mail (curse)
rPois    .         Spirit   +   c - +0 helmet
rElec    .         Reflect  .   (no cloak)
rCorr    .         Harm     +   q - +0 pair of gloves (curse)
MR       +....                  (no boots)
Stlth    +.........             p - amulet of harm
HPRegen  0.49/turn              j - ring of protection from magic
MPRegen  0.10/turn              (no ring)

@: no status effects
A: fangs 2, regeneration 1, magic shield, antimagic bite, no potion heal 3, rot
immunity
a: no special abilities


You were on level 3 of the Dungeon.
You were not hungry.

You visited 1 branch of the dungeon, and saw 3 of its levels.

You collected 58 gold pieces.

Inventory:

Hand Weapons
 a - a +0 war axe (weapon)
Missiles
 d - 3 throwing nets (quivered)
Armour
 b - a +0 leather armour
 c - a +0 helmet (worn)
 q - a cursed +0 pair of gloves (worn)
 r - a cursed +0 ring mail (worn)
Jewellery
 j - a ring of protection from magic (left hand)
 p - an amulet of harm (around neck)
Scrolls
 e - a scroll of enchant weapon {unknown}
 k - 2 scrolls of immolation {unknown}
 m - a scroll of identify {unknown}
 o - a scroll of random uselessness {unknown}
 s - 3 scrolls of teleportation {unknown}
 u - a scroll of remove curse {unknown}
Potions
 h - 2 potions of curing {unknown}
 l - 2 potions of brilliance {unknown}
 n - 2 potions of lignification {unknown}
Comestibles
 f - a bread ration
 g - 2 meat rations
 i - 3 fruits
 t - 3 chunks of flesh


   Skills:
 + Level 2.4 Fighting
 + Level 4.1 Axes
 + Level 2.0 Throwing
 + Level 1.1 Armour
 + Level 2.8 Dodging
 + Level 1.2 Stealth


You had 4 spell levels left.
You didn't know any spells.

Dungeon Overview and Level Annotations

Branches:
Dungeon (3/15)

Altars:
Elyvilon
Ru
Yredelemnul


Innate Abilities, Weirdness & Mutations

You have extremely sharp teeth.
Your natural rate of healing is unusually fast.
When hurt, damage is shared between your health and your magic reserves.
Your bite disrupts and absorbs the magic of your enemies.
Potions cannot restore your health.
You are immune to rotting.


Message History

You slash the kobold!
You kill the kobold!
You see here a kobold corpse.
u - a scroll labeled TAYTUGAMPU A hobgoblin comes into view.
A worm comes into view.
The hobgoblin shouts!
Yredelemnul sends servants to punish you. 3 flying skulls come into view.
You hit the hobgoblin.
You kill the hobgoblin!
You barely miss the flying skull. The flying skull hits you.
You see here a hobgoblin corpse.
You hit the flying skull but do no damage.
You hit the flying skull. The flying skull hits you. x4
You hit the flying skull but do no damage.
Your bite misses the flying skull. You miss the flying skull.
The flying skull hits you!
You die...

#.# #.......#.#.... #.#
##.####.###.### #.# #.#
#.)...# #.#########
#.######.#####
#.........###.##...†......
#########.##.........#####
#z##..##.###.# #z##.....#
#.# #@##.##### #.# #z##.
#.# .w... #.# .#.### #.#
#.#.# # #.# #.# ...


You could see 3 flying skulls and a worm.

Vanquished Creatures
  A bullfrog zombie (D:3)
  Natasha (twice) (D:3)
  An adder (D:2)
  A worm (D:3)
  A dart slug (D:2)
  2 leopard geckos
  2 orcs (D:3)
  4 giant cockroaches
  6 hobgoblins
  4 jackals (D:2)
  2 quokkas (D:2)
  6 bats
  3 frilled lizards
  5 goblins
  9 kobolds
  4 rats
53 creatures vanquished.

Notes
Turn   | Place    | Note
-------+----------+-------------------------------------------
     0 | D:1      | slep the Vine Stalker Gladiator began the quest for the Orb.
     0 | D:1      | Reached XP level 1. HP: 11/11 MP: 2/2
   170 | D:1      | Reached XP level 2. HP: 15/15 MP: 3/3
   183 | D:1      | Reached skill level 3 in Axes
   602 | D:2      | Reached XP level 3. HP: 14/18 MP: 4/4
   656 | D:2      | Found a faded altar of an unknown god.
   701 | D:2      | Found a sacrificial altar of Ru.
  1164 | D:2      | Became a worshipper of Yredelemnul the Dark
  1164 | D:2      | Reached * piety under Yredelemnul
  1182 | D:2      | Fell from the grace of Yredelemnul
  1254 | D:3      | Found a white marble altar of Elyvilon.
  1268 | D:3      | Gained mutation: Your natural rate of healing is unusually fast. [Vine Stalker growth]
  1268 | D:3      | Reached XP level 4. HP: 23/23 MP: 5/5
  1308 | D:3      | Noticed Natasha
  1317 | D:3      | Killed Natasha
  1348 | D:3      | Noticed Natasha
  1355 | D:3      | Killed Natasha
  1355 | D:3      | Reached skill level 1 in Stealth
  1384 | D:3      | Reached skill level 4 in Axes
  1384 | D:3      | Reached skill level 1 in Armour
  1384 | D:3      | Reached XP level 5. HP: 3/27 MP: 1/6
  1497 | D:3      | Noticed a flying skull
  1497 | D:3      | Noticed a flying skull
  1497 | D:3      | Noticed a flying skull
  1500 | D:3      | Slain by a flying skull

Vault maps used:
D:1:      mrwooster_arrival_statue
D:2:      lemuel_crystal_altar, chequers_ecumenical_altar_island
D:3:      kennysheep_the_goblin_king, elyvilon_altar_1, uniq_natasha

Skill      XL: |  1  2  3  4 |
---------------+-------------+-----
Axes           | 3 4 |  4.1
Throwing       | 2 |  2.0
Fighting       | 2 |  2.4
Stealth        | 1 |  1.2
Armour         | 1 |  1.1
Dodging        | |  2.8

Action                   |  1- 3 |  4- 6 || total
-------------------------+-------+-------++-------
Melee: War axe           |    84 |    44 ||   128
       Bite              |    11 |    16 ||    27
Invok: Renounce Religion |     1 |       ||     1
 Stab: Sleeping          |     1 |       ||     1
  Eat: Chunk             |     1 |     1 ||     2
Armor: Leather armour    |    26 |       ||    26
       Ring mail         |     3 |    13 ||    16
Dodge: Dodged            |    63 |    25 ||    88

Table legend:
 A = Spawn XP
 B = Non-spawn XP
 C = Spawn XP percentage of total XP
 D = Spawn monster count
 E = Non-spawn monster count
 F = Spawn count percentage of total count
 G = Total turns spent on level
                    A         B        C        D         E        F      G
               +---------+---------+-------+---------+---------+-------+---------
         Total |       0 |     221 |   0.0 |       0 |      53 |   0.0 |  1500
               +---------+---------+-------+---------+---------+-------+---------
           D:1 |       0 |      18 |   0.0 |       0 |      12 |   0.0 |   533
           D:2 |       0 |      56 |   0.0 |       0 |      26 |   0.0 |   666
           D:3 |       0 |     147 |   0.0 |       0 |      15 |   0.0 |   301
               +---------+---------+-------+---------+---------+-------+---------
